 Dungeon Crawl Stone Soup version 0.29.1-15-g9cfb28693d (webtiles) character file.

Game seed: 16577722901562872978

2199 Nehushtan the Stinger (level 9, -7/69 HPs)
             Began as a Black Draconian Venom Mage on Apr 19, 2023.
             Was a Believer of Cheibriados.
             Killed from afar by a steam dragon (13 damage)
             ... with a ball of steam
             ... on level 7 of the Dungeon on Apr 21, 2023.
             The game lasted 00:27:15 (7072 turns).

Nehushtan the Stinger (Black Draconian Venom Mage)  Turns: 7072, Time: 00:27:16

Health: -7/69      AC:  9    Str: 19    XL:     9   Next: 12%
Magic:  1/14       EV: 13    Int: 28    God:    Cheibriados [**....]
Gold:   257        SH:  0    Dex: 15    Spells: 3/15 levels left

rFire   . . .      SeeInvis .   p - +1 dagger (elec)
rCold   . . .      Faith    .   (no shield)
rNeg    + . .      Spirit   .   (body armour unavailable)
rPois   .          Reflect  .   (helmet restricted)
rElec   +          Harm     .   m - +1 cloak "Xoseheiq" {rN+ Str+3}
rCorr   .          Rampage  .   (no gloves)
Will    .....                   (no boots)
Stlth   ++........              (no amulet)
HPRegen 0.21/turn               (no ring)
MPRegen 0.14/turn               (no ring)

@: short of breath, very slow
A: breathe lightning, AC +7, unfitting armour, electricity resistance,
cold-blooded, clever 1
a: Breathe Lightning, Renounce Religion, Bend Time


You were on level 7 of the Dungeon.
You worshipped Cheibriados.
Cheibriados was pleased with you.
You visited 1 branch of the dungeon, and saw 7 of its levels.
You also visited: Sewer.

You collected 257 gold pieces.

Inventory:

Hand Weapons
 a - a +1 arbalest
 p - a +1 dagger of electrocution (weapon)
Missiles
 g - a throwing net
Armour
 m - the +1 cloak "Xoseheiq" (worn) {rN+ Str+3}
   (You found it on level 4 of the Dungeon)

   Str:       It affects your strength (+3).
   rN:        It protects you from negative energy.
Jewellery
 n - a +4 ring of protection
Wands
 q - a wand of flame (5)
 x - a wand of charming (12)
Scrolls
 e - a scroll of enchant armour
 i - 2 scrolls of noise
 k - 3 scrolls of poison
 r - a scroll of vulnerability
 s - 2 scrolls of teleportation
 t - a scroll of summoning {unknown}
 v - a scroll of immolation {unknown}
 w - a scroll of butterflies
Potions
 b - a potion of degeneration {unknown}
 c - a potion of haste {unknown}
 d - a potion of might {unknown}
 f - 2 potions of cancellation {unknown}
 h - a potion of ambrosia {unknown}
 j - 2 potions of brilliance {unknown}
 l - a potion of attraction {unknown}
 o - a potion of berserk rage {unknown}
 u - 2 potions of curing


   Skills:
 * Level 3.1 Fighting
 * Level 2.5 Short Blades
 * Level 4.7 Ranged Weapons
 * Level 1.2 Throwing
 * Level 3.6 Dodging
 * Level 3.5 Stealth
 * Level 3.7 Spellcasting
 * Level 2.3 Conjurations
 * Level 3.0 Transmutations
 * Level 3.2 Air Magic
 * Level 1.3 Earth Magic
 * Level 4.9 Poison Magic
 * Level 2.5 Invocations
 * Level 2.5 Evocations


You had 3 spell levels left.
You knew the following spells:

 Your Spells              Type           Power      Damage    Failure   Level
a - Mephitic Cloud        Conj/Pois/Air  24%        N/A       5%          3
b - Poisonous Vapours     Pois/Air       54%        N/A       2%          2
c - Olgreb's Toxic Radia  Pois           32%        N/A       10%         4
d - Stone Arrow           Conj/Erth      30%        3d8       11%         3

Your spell library contained the following spells:

 Spells                   Type           Power      Damage    Failure   Level
 Sting                    Tmut/Pois      100%       1d8       1%          1
 Sandblast                Erth           24%        2d8       4%          1
 Passwall                 Tmut/Erth      14%        N/A       4%          2
 Apportation              Tloc           10%        N/A       8%          1
 Confusing Touch          Hex            5%         N/A       22%         3
 Alistair's Intoxication  Tmut/Pois      18%        N/A       38%         5
 Yara's Violent Unravell  Hex/Tmut       6%         3d5       75%         5
 Enfeeble                 Hex            2%         N/A       100%        7


Dungeon Overview and Level Annotations

Branches:
Dungeon (7/15)              Sewer (visited)
 Temple: D:4-7

Altars:
Cheibriados

Shops:
D:7 (

Annotations:
D:7 Joseph


Innate Abilities, Weirdness & Mutations

You can breathe wild blasts of lightning.
Your glossy black scales are hard. (AC +7)
You cannot fit into any form of body armour.
You are resistant to electric shocks. (rElec)
You are cold-blooded and may be slowed by cold attacks.
Your mind is acute. (Int +4, Str/Dex -1)


Message History

Something shouts, "Capitulate, thou impertinent tickle-brained clam!"
The yak is engulfed in a cloud of scalding steam.
The yak closely misses you.
Casting: Stone Arrow (dangerous; 11% risk of failure)
Confirm with . or Enter, or press ? or * to list all spells.
You begin to radiate toxic energy.
Joseph is poisoned.
The steam dragon is poisoned.
The yak is poisoned. x2
Joseph looks even sicker.
The yak looks even sicker. x2
The yak barely misses you.
Casting: Olgreb's Toxic Radiance (dangerous; 10% risk of failure)
Confirm with . or Enter, or press ? or * to list all spells.
Aiming: Stone Arrow (dangerous; 11% risk of failure)
Press: ? - help, Shift-Dir - straight line, f - yak
Aim: a yak (heavily wounded, very poisoned, 81% to hit)
The stone arrow misses the yak.
The stone arrow hits the steam dragon!
The steam dragon is severely wounded.
The steam dragon looks even sicker.
The yak looks even sicker.
Your toxic aura wanes.
The yak gores you!
A yak comes into view.
Joseph is engulfed in a cloud of scalding steam.
A sky beast appears from thin air!
The shadow imp lashes its tail.
The yak gores you but does no damage. The yak attacks as you move away!
The yak gores you but does no damage. The shadow imp misses you.
The yak attacks as you move away! The yak gores you.
Joseph says, "It's nothing personal, but I have to kill you."
The shadow imp barely misses you. The sky beast misses you.
Okay, then.
You hit the yak but do no damage.
The yak is severely wounded.
The shadow imp hits you.
* * * LOW HITPOINT WARNING * * *
The yak gores you!
* * * LOW HITPOINT WARNING * * *
The steam dragon breathes steam at you.
The ball of steam misses the shadow imp.
The ball of steam hits you!
You die...

##.#.###
###.#.......
#.#.#
#.#...#.# #
..# #.#.$.# #
#..#
#.#@..#.# #..
#.##Y##Y#
####..~D...#
#......§..##
#...####Y5Y.#
#.# #.D#.@Y##
# #~.#.∩.#
#≈.#...#
####....
....## ..#..#
.....#
.....##


You could see an eight-headed hydra, 3 yaks, a sky beast (poisoned) and a shadow
imp.

Vanquished Creatures
  Pikel (D:5)
  Prince Ribbit (D:6)
  Eustachio (D:5)
  2 water moccasins
  2 black bears
  A sky beast (D:7)
  2 phantoms
  A necrophage (D:7)
  2 scorpions (D:4)
  A howler monkey (D:6)
  An orc priest (D:6)
  5 hounds
  Natasha (thrice) (D:2)
  3 orc wizards
  10 adders
  10 gnolls
  3 worms
  3 dart slugs
  6 orcs
  9 ball pythons
  2 endoplasms
  5 giant cockroaches
  6 hobgoblins
  7 jackals
  3 kobolds
  4 quokkas (D:2)
  4 bats
  4 goblins
  2 rats
104 creatures vanquished.

Vanquished Creatures (others)
  A plant (D:7)
1 creature vanquished.

Grand Total: 105 creatures vanquished

Notes
Turn   | Place    | Note
-------+----------+-------------------------------------------
     0 | D:1      | Nehushtan the Draconian Venom Mage began the quest for the
                  | Orb.
     0 | D:1      | Reached XP level 1. HP: 14/14 MP: 3/3
   601 | D:1      | Reached XP level 2. HP: 20/20 MP: 0/5
   604 | D:1      | Learned a level 2 spell: Poisonous Vapours
  1321 | D:3      | Found a snail-covered altar of Cheibriados.
  1371 | D:3      | Reached XP level 3. HP: 14/26 MP: 1/6
  1454 | D:3      | Found a glowing drain.
  1469 | Sewer    | Entered a sewer
  1755 | Sewer    | Noticed a water moccasin
  1760 | Sewer    | Learned a level 3 spell: Mephitic Cloud
  1779 | Sewer    | Killed a water moccasin
  1780 | Sewer    | Reached skill level 1 in Ranged Weapons
  1780 | Sewer    | Reached XP level 4. HP: 14/34 MP: 7/7
  1780 | Sewer    | Reached XP level 5. HP: 16/39 MP: 8/8
  2141 | D:4      | Reached skill level 1 in Air Magic
  2153 | D:4      | Identified the +1 cloak "Xoseheiq" {rN+ Str+3}
  2246 | D:4      | Reached skill level 1 in Fighting
  2246 | D:4      | Reached skill level 1 in Evocations
  2395 | D:3      | Became a worshipper of Cheibriados the Contemplative
  3011 | D:2      | Found a faded altar of an unknown god.
  3022 | D:2      | Noticed Natasha
  3035 | D:2      | Killed Natasha
  3036 | D:2      | Reached XP level 6. HP: 20/47 MP: 5/9
  3239 | D:2      | Learned a level 4 spell: Olgreb's Toxic Radiance
  3520 | D:2      | Noticed Natasha
  3524 | D:2      | Killed Natasha
  3536 | D:2      | Noticed Natasha
  3539 | D:2      | Killed Natasha
  4119 | D:4      | Reached * piety under Cheibriados
  4206 | D:4      | Reached skill level 1 in Conjurations
  4436 | D:4      | Reached skill level 1 in Short Blades
  4436 | D:4      | Your scales start taking on a glossy black colour.
  4436 | D:4      | Reached XP level 7. HP: 48/52 MP: 11/11
  4436 | D:4      | Gained mutation: You are resistant to electric shocks.
                  | (rElec) [Black Draconian growth]
  4719 | D:5      | Entered Level 5 of the Dungeon
  4729 | D:5      | Noticed Eustachio
  4749 | D:5      | Killed Eustachio
  4759 | D:5      | Reached skill level 1 in Invocations
  4761 | D:5      | Gained mutation: You are clumsy. (Dex -2) [potion of
                  | mutation]
  4761 | D:5      | Gained mutation: You sometimes lose your temper in combat.
                  | [potion of mutation]
  4762 | D:5      | Lost mutation: You sometimes lose your temper in combat.
                  | [potion of mutation]
  4762 | D:5      | Lost mutation: You are clumsy. (Dex -2) [potion of
                  | mutation]
  4762 | D:5      | Gained mutation: Your mind is acute. (Int +4, Str/Dex -1)
                  | [potion of mutation]
  5107 | D:5      | Reached ** piety under Cheibriados
  5114 | D:5      | Learned a level 3 spell: Stone Arrow
  5317 | D:5      | Noticed Pikel
  5323 | D:5      | Killed Pikel
  5324 | D:5      | Reached XP level 8. HP: 46/62 MP: 11/13
  6038 | D:6      | Noticed Prince Ribbit
  6209 | D:6      | Killed Prince Ribbit
  6210 | D:6      | Reached skill level 1 in Earth Magic
  6342 | D:6      | Reached skill level 1 in Throwing
  6737 | D:6      | Reached XP level 9. HP: 57/69 MP: 7/14
  7040 | D:7      | Found Panor's Hydra Hut.
  7055 | D:7      | Noticed an eight-headed hydra
  7059 | D:7      | Noticed Joseph
  7072 | D:7      | Killed from afar by a steam dragon

Illustrated notes

Levels and vault maps discovered:
D:1:      moated_graveyard_arrival, layout_basic,
          nicolae_concentric_dashed_squares_mild, minmay_misc_feat_enclosed
D:2:      layout_loops_ring, ebering_ecumenical_altar_webs,
          minmay_misc_feat_plants, uniq_natasha
D:3:      layout_loops_corners, chei_slow_surprise, gup_sewer_entry_glass
D:4:      layout_rooms
D:5:      layout_gridville, uniq_pikel, uniq_eustachio, uniq_grinder
D:6:      nicolae_cairo_tiling_large_dashed, layout_loops_cross,
          uniq_prince_ribbit1
D:7:      layout_loops_cross, lemuel_crystal_altar, lemuel_tele_altar,
          temple_doors_cd, serial_shops, nicolae_diamond_shop,
          doesnt_shop_hydraphobe, uniq_joseph

Skill      XL: |  1  2  3  4  5  6  7  8 |
---------------+-------------------------+-----
Dodging        | 2 3 |  3.6
Stealth        | 2 3 |  3.5
Ranged Weapons | 1 2 3 4 |  4.7
Air Magic      | 1 2 3 |  3.2
Fighting       | 1 2 3 |  3.1
Evocations     | 1 2 |  2.5
Poison Magic   | 4 |  4.9
Conjurations   | 1 2 |  2.3
Transmutations | 2 3 |  3.0
Short Blades   | 1 2 |  2.5
Invocations    | 1 2 |  2.5
Spellcasting   | 3 |  3.7
Earth Magic    | 1 |  1.3
Throwing       | 1 |  1.2

Action                   |  1- 3 |  4- 6 |  7- 9 || total
-------------------------+-------+-------+-------++-------
Melee: Dagger            |       |    33 |    33 ||    66
       Tailslap          |       |     4 |     3 ||     7
 Fire: Arbalest          |    38 |    52 |    60 ||   150
 Cast: Sting             |    14 |       |       ||    14
       Poisonous Vapours |    13 |    16 |     7 ||    36
       Olgreb's Toxic Ra |       |     5 |     4 ||     9
       Stone Arrow       |       |       |    18 ||    18
 Abil: Breathe Lightning |       |       |    19 ||    19
Evoke: Wand              |     9 |     3 |       ||    12
  Use: Scroll            |     4 |     4 |     5 ||    13
       Potion            |     3 |       |     5 ||     8
Armor: Skin              |    40 |    16 |    49 ||   105
Dodge: Dodged            |   102 |    38 |    84 ||   224
